 Dungeon Crawl Stone Soup version 0.29-a0-352-g0917bc69df (webtiles) character file.

Game seed: 3653449766058901786

19 avis the Insei (level 2, -3/19 HPs)
             Began as an Octopode Transmuter on Apr 24, 2022.
             Slain by Terence
             ... wielding a +0 flail
              (7 damage)
             ... on level 2 of the Dungeon.
             The game lasted 00:03:39 (1409 turns).

avis the Insei (Octopode Transmuter)                Turns: 1409, Time: 00:03:39

Health: -3/19      AC:  1    Str:  9    XL:     2   Next: 75%
Magic:  4/5        EV: 13    Int: 15    God:
Gold:   54         SH:  0    Dex: 12    Spells: 4/5 levels left

rFire   . . .      SeeInvis .     - Unarmed
rCold   + . .      Faith    .   (no shield)
rNeg    . . .      Spirit   .   (helmet currently unavailable)
rPois   .          Reflect  .   (no amulet)
rElec   .          Harm     .   f - ring of protection from cold
rCorr   .          Rampage  .   (no ring)
Will    .....                   (no ring)
Stlth   +++.......              (no ring)
HPRegen 0.06/turn               (no ring)
MPRegen 0.09/turn               (no ring)
                                (no ring)
                                (no ring)

@: lethally poisoned (-3 -> -12), appendages
A: tentacle spike 3, almost no armour, amphibious, 8 rings, camouflage 1,
gelatinous body 1, (nimble swimmer 1), tentacles
a: End Transformation


You were on level 2 of the Dungeon.
One of your tentacles had grown a beastly spike.
You visited 1 branch of the dungeon, and saw 2 of its levels.

You collected 54 gold pieces.

Inventory:

Hand Weapons
 h - a +0 spear
Missiles
 b - 4 poisoned darts
Jewellery
 f - a ring of protection from cold (left tentacle)
Scrolls
 c - a scroll of enchant weapon {unknown}
 e - 2 scrolls of enchant armour {unknown}
Potions
 a - a potion of lignification
 d - a potion of heal wounds {unknown}
 g - a potion of mutation {unknown}


   Skills:
 - Level 2.0 Fighting
 - Level 2.0 Dodging
 - Level 2.0 Stealth
 - Level 3.0 Unarmed Combat
 - Level 2.0 Spellcasting
 * Level 2.1 Transmutations


You had 4 spell levels left.
You knew the following spells:

 Your Spells              Type           Power      Damage    Failure   Level
a - Beastly Appendage     Tmut           14%        N/A       10%         1

Your spell library contained the following spells:

 Spells                   Type           Power      Damage    Failure   Level
 Wereblood                Tmut           7%         N/A       14%         2
 Spider Form              Tmut/Pois      4%         N/A       41%         3
 Ice Form                 Ice/Tmut       4%         N/A       82%         4


Dungeon Overview and Level Annotations

Branches:
Dungeon (2/15)

Altars:

Annotations:
D:2 Terence


Innate Abilities, Weirdness & Mutations

One of your tentacles has grown a beastly spike.
You cannot wear most types of armour.
You are amphibious.
You can wear up to eight rings at the same time.
Your skin changes colour to match your surroundings (Stealth+).
Your rubbery body absorbs attacks. (AC +1, EV +1)
((You are camouflaged when in or above water. (Stealth+)))
You have tentacles for arms and can constrict up to eight enemies at once.


Message History

There is an open door here.
There is an open door here.
You see here 10 stones.
There is an open door here.
There is a stone staircase leading down here.
Casting: Beastly Appendage (safe; 10% risk of failure)
Confirm with . or Enter, or press ? or * to list all spells.
One of your tentacles grows a vicious spike.
You climb downwards.
Found an ichor-stained mace and a scroll labelled PIOKHL MA RYEG.
Found a stone staircase leading down.
There is a stone staircase leading up here.
The helpless adder fails to defend itself.
You tentacle-slap the adder. You grab the adder.
You pierce the adder.
Your squeeze misses the adder.
The adder is moderately wounded.
You constrict the adder. The adder bites you.
You are poisoned.
The adder poisons you! The adder bites you.
You are more poisoned.
The adder poisons you!
You barely miss the adder.
Your tentacle spike misses the adder.
You tentacle-slap the adder.
The adder is heavily wounded.
You constrict the adder.
You feel sick.
Terence shouts!
The adder bites you.
You are lethally poisoned!
The adder poisons you!
You tentacle-slap the adder but do no damage.
The adder is heavily wounded.
You constrict the adder.
You feel very sick. The adder barely misses you.
You barely miss the adder.
You pierce the adder, but do no damage.
The adder is severely wounded.
You constrict the adder.
* * * LOW HITPOINT WARNING * * *
You feel sick. The adder barely misses you. Terence hits you with a +0 flail!
You die...

.. . #?
... ...
#.#.#.##
......#
#.#..##
.....
#####
#.)#......
#.@..#
#S@.##
>....#
.......#
........##
####.####
#. #.


You could see Terence and an adder.

Vanquished Creatures
  2 bats
  An endoplasm (D:1)
  A giant cockroach (D:1)
  3 goblins (D:1)
  3 hobgoblins (D:1)
  A kobold (D:1)
  A quokka (D:1)
  A ball python (D:1)
  A frilled lizard (D:1)
  3 rats (D:1)
17 creatures vanquished.

Notes
Turn   | Place    | Note
-------+----------+-------------------------------------------
     0 | D:1      | avis the Octopode Transmuter began the quest for the Orb.
     0 | D:1      | Reached XP level 1. HP: 13/13 MP: 3/3
   416 | D:1      | Reached XP level 2. HP: 13/19 MP: 3/5
   605 | D:1      | Reached skill level 1 in Stealth
   867 | D:1      | Found a faded altar of an unknown god.
  1405 | D:2      | Noticed Terence
  1409 | D:2      | Slain by Terence

Illustrated notes

Levels and vault maps discovered:
D:1:      minmay_arrival_split_and_join, layout_loops_corners,
          shapermc_ecumenical_altar_mp_vishouse
D:2:      layout_loops_ring, uniq_terence

Skill      XL: |  1  2 |
---------------+-------+-----
Fighting       | 2 |  2.0
Stealth        | 2 |  2.0
Dodging        | |  2.0
Unarmed Combat | |  3.0
Spellcasting   | |  2.0
Transmutations | |  2.1

Action                   || total
-------------------------++-------
Melee: Unarmed           ||    29
       Constrict         ||     8
       Kick              ||    10
       Tentacles         ||     5
       Punch             ||     1
 Cast: Beastly Appendage ||    14
 Stab: Sleeping          ||     6
Armor: Skin              ||     2
Dodge: Dodged            ||    17

Table legend: (Time is in decaauts)
 A = Elapsed time spent in this place.
 B = Non-inter-level travel time spent in this place.
 C = Inter-level travel time spent in this place.
 D = Time resting spent in this place.
 E = Time spent auto-exploring this place.
 F = Levels seen in this place.
 G = Mean time per level.
                   A        B        C        D        E       F      G
               +--------+--------+--------+--------+--------+-----+--------+
         Total |   1407 |   1274 |    133 |    227 |    870 |   2 |  703.5 |
       Dungeon |   1407 |   1274 |    133 |    227 |    870 |   2 |  703.5 |
               +--------+--------+--------+--------+--------+-----+--------+

Top non-repeatable levels by time:
     D:1: 1383 daAuts
     D:2: 24 daAuts
